 Dungeon Crawl Stone Soup version 0.29.1-13-g9f3cf754e1 (webtiles) character file.

Game seed: 16265778940395535860

86 cdecastro the Chopper (level 4, 0/39 HPs)
             Began as a Hill Orc Fighter on Feb 7, 2023.
             Slain by a gnoll
             ... wielding a +0 halberd
              (11 damage)
             ... on level 3 of the Dungeon.
             The game lasted 00:02:51 (2324 turns).

cdecastro the Chopper (Hill Orc Fighter)            Turns: 2324, Time: 00:02:52

Health: 0/39       AC:  6    Str: 20    XL:     4   Next: 50%
Magic:  4/4        EV:  9    Int:  8    God:
Gold:   19         SH:  0    Dex: 10    Spells: 3/3 levels left

rFire   . . .      SeeInvis .   a - +0 war axe
rCold   . . .      Faith    .   (no shield)
rNeg    . . .      Spirit   .   b - +0 scale mail
rPois   .          Reflect  .   (no helmet)
rElec   .          Harm     .   (no cloak)
rCorr   .          Rampage  .   (no gloves)
Will    .....                   (no boots)
Stlth   ..........              (no amulet)
HPRegen 0.13/turn               (no ring)
MPRegen 0.09/turn               (no ring)

@: confused
A: no striking features
a: no special abilities


You were on level 3 of the Dungeon.
You visited 1 branch of the dungeon, and saw 3 of its levels.

You collected 97 gold pieces.
You spent 78 gold pieces at shops.

Inventory:

Hand Weapons
 a - a +0 war axe (weapon)
Missiles
 q - 5 poisoned darts (quivered)
 s - 3 curare-tipped darts
Armour
 b - a +0 scale mail (worn)
 c - a +0 buckler
Wands
 r - a wand of polymorph (3)
Scrolls
 i - 9 scrolls of identify {unknown}
 j - a scroll of noise {unknown}
 k - a scroll of enchant armour {unknown}
 l - a scroll of blinking {unknown}
 m - a scroll of teleportation {unknown}
 o - 2 scrolls of torment {unknown}
 p - 3 scrolls of fear {unknown}
Potions
 d - 2 potions of might
 e - a potion of mutation {unknown}
 f - 2 potions of heal wounds {unknown}
 g - 2 potions of berserk rage {unknown}
 h - 3 potions of curing {unknown}
 n - a potion of brilliance {unknown}


   Skills:
 - Level 3.6 Fighting
 + Level 6.1 Axes
 - Level 3.2 Armour
 - Level 3.2 Shields


You had 3 spell levels left.
You didn't know any spells.
Your spell library contained the following spells:

 Spells                   Type           Power      Damage    Failure   Level
 Olgreb's Toxic Radiance  Pois           0%         N/A       100%        4
 Ozocubu's Refrigeration  Ice            0%         4d7       100%        7
 Ignition                 Fire           0%         3d3       100%        8


Dungeon Overview and Level Annotations

Branches:
Dungeon (3/15)

Altars:
Ru

Shops:
D:2 *   D:3 !


Message History

The gnoll is severely wounded.
You barely miss the gnoll. The gnoll completely misses you.
The gnoll closely misses you.
You closely miss the gnoll. You hit the gnoll but do no damage.
The gnoll zaps a wand.
Your will is overpowered!
You are more confused.
The gnoll closely misses you.
The gnoll zaps a wand.
Your will is overpowered!
You are more confused.
You bump into the stone wall.
The gnoll hits you but does no damage. The gnoll barely misses you.
The gnoll barely misses you.
You're too confused to move!
The gnoll hits you but does no damage.
The gnoll zaps a wand.
Your will is overpowered!
You are more confused.
The now-empty wand crumbles to dust.
The gnoll hits you with a +0 whip. The gnoll hits you with a +0 whip.
The gnoll hits you but does no damage. The gnoll barely misses you.
The gnoll attacks as you move away! The gnoll hits you with a +0 whip.
The gnoll attacks as you move away! The gnoll closely misses you.
You barely miss the gnoll.
The gnoll is severely wounded.
You hit the gnoll. The gnoll closely misses you. The gnoll barely misses you.
A gnoll comes into view. It is wielding a +0 whip.
The gnoll hits you with a +0 whip. The gnoll attacks as you move away!
The gnoll hits you but does no damage.
You hit the gnoll.
You kill the gnoll!
A gnoll comes into view. It is wielding a +0 halberd.
Your Axes skill increases to level 6!
The gnoll attacks as you move away! The gnoll hits you with a +0 whip.
The gnoll shouts!
You're too confused to move!
The gnoll hits you from afar with a +0 halberd!
* * * LOW HITPOINT WARNING * * *
The gnoll hits you with a +0 whip.
* * * LOW HITPOINT WARNING * * *
You bump into the rock wall.
The gnoll hits you from afar with a +0 halberd!
You die... .# #.## gg...

#.. ##. # ##..
.g## #
##.#######.## #
##.#..~~~.g#@## ##
##.#..~...g.g#.#
.#
#.#...~._.~..)#.#
.#
##.#..~...~..#.##
.# ##.#..~~~..#.##
.######†#######.##
.......#.......##
.#####......### .#
########


You could see 3 gnolls.

Vanquished Creatures
  A gnoll (D:3)
  3 adders
  2 worms (D:3)
  3 dart slugs
  3 bats
  4 endoplasms
  A giant cockroach (D:2)
  3 goblins
  4 hobgoblins
  3 jackals (D:1)
  A quokka (D:1)
  4 ball pythons (D:3)
  2 frilled lizards
  4 kobolds
  A rat (D:2)
39 creatures vanquished.

Notes
Turn   | Place    | Note
-------+----------+-------------------------------------------
     0 | D:1      | cdecastro the Hill Orc Fighter began the quest for the Orb.
     0 | D:1      | Reached XP level 1. HP: 19/19 MP: 1/1
    53 | D:1      | Reached skill level 3 in Axes
   286 | D:1      | Found a faded altar of an unknown god.
   296 | D:1      | Reached XP level 2. HP: 22/26 MP: 2/2
   601 | D:1      | Reached skill level 4 in Axes
  1131 | D:2      | Reached XP level 3. HP: 28/31 MP: 3/3
  1287 | D:2      | Reached skill level 5 in Axes
  1625 | D:2      | Found Xutremi's Assorted Antiques.
  1633 | D:2      | Bought a scroll labelled BEUHAT KAWELA for 22 gold pieces
  1633 | D:2      | Bought a scroll labelled BYTISHR OFAFF for 22 gold pieces
  1633 | D:2      | Bought a scroll labelled EFUITO JAOZ SIYLAR for 22 gold
                  | pieces
  1928 | D:3      | Reached XP level 4. HP: 27/39 MP: 4/4
  2154 | D:3      | Found Alioga's Distillery.
  2162 | D:3      | Bought a potion of degeneration for 12 gold pieces
  2272 | D:3      | Found a sacrificial altar of Ru.
  2322 | D:3      | Reached skill level 6 in Axes
  2324 | D:3      | Slain by a gnoll

Illustrated notes

Levels and vault maps discovered:
D:1:      onia_arrival_pyramid, layout_loops_ring,
          hellmonk_ecumenical_altar_pennies_from_heaven
D:2:      layout_loops_ring, serial_shops, shop
D:3:      layout_loops_cross, nicolae_ru_awakened_eye, serial_shops,
          nicolae_shop_statue_plus

Skill      XL: |  1  2  3  4 |
---------------+-------------+-----
Axes           | 3 4 5 6 |  6.1
Fighting       | |  3.6
Armour         | |  3.2
Shields        | |  3.2

Action                   |  1- 3 |  4- 6 || total
-------------------------+-------+-------++-------
Melee: War axe           |    89 |    26 ||   115
       Punch             |     2 |       ||     2
Armor: Scale mail        |    42 |    13 ||    55
Dodge: Dodged            |    41 |    19 ||    60
Block: Buckler           |     1 |       ||     1
